 Dungeon Crawl Stone Soup version 0.28.0-53-g5a82cb258f (webtiles) character file.

Game seed: 7224809868659386701

120 Jerry the Shield-Bearer (level 5, -1/28 HPs)
             Began as a Vine Stalker Fighter on July 30, 2022.
             Killed by divine providence
             ... invoked by an orc priest
              (13 damage)
             ... on level 2 of the Dungeon.
             The game lasted 00:03:35 (2264 turns).

Jerry the Shield-Bearer (Vine Stalker Fighter)      Turns: 2264, Time: 00:03:35

Health: -1/28      AC:  6    Str: 19    XL:     5   Next: 4%
Magic:  0/6        EV:  9    Int:  8    God:
Gold:   101        SH:  5    Dex: 15    Spells: 4/4 levels left

rFire   . . .      SeeInvis .   f - +0 dagger (drain)
rCold   . . .      Faith    .   c - +0 buckler
rNeg    . . .      Spirit   +   b - +0 scale mail
rPois   .          Reflect  .   (no helmet)
rElec   .          Harm     .   (no cloak)
rCorr   .          Rampage  .   (no gloves)
Will    .....                   (no boots)
Stlth   ..........              (no amulet)
HPRegen 0.89/turn               (no ring)
MPRegen 0.10/turn               (no ring)

@: no status effects
A: fangs 2, regeneration 1, magic shield, antimagic bite, no potion heal 2
a: no special abilities


You were on level 2 of the Dungeon.
You visited 1 branch of the dungeon, and saw 2 of its levels.

You collected 101 gold pieces.

Inventory:

Hand Weapons
 a - a +0 rapier
 f - a +0 dagger of draining (weapon)
Armour
 b - a +0 scale mail (worn)
 c - a +0 buckler (worn)
Jewellery
 h - a ring of resist corrosion
Scrolls
 i - 2 scrolls of identify {unknown}
 j - a scroll of fear {unknown}
 l - a scroll of teleportation {unknown}
 m - a scroll of immolation {unknown}
Potions
 d - a potion of might
 e - a potion of curing {unknown}
 g - a potion of heal wounds {unknown}
 k - a potion of berserk rage {unknown}


   Skills:
 + Level 3.2 Fighting
 + Level 2.5 Short Blades
 + Level 3.0 Armour
 * Level 3.7 Shields


You had 4 spell levels left.
You didn't know any spells.
Your spell library was empty.

Dungeon Overview and Level Annotations

Branches:
Dungeon (2/15)

Altars:
Cheibriados

Shops:
D:1 (


Innate Abilities, Weirdness & Mutations

You have extremely sharp teeth.
Your natural rate of healing is unusually fast.
When hurt, damage is shared between your health and your magic reserves.
Your bite disrupts and absorbs the magic of your enemies.
Potions cannot restore your health.


Message History

The orc is heavily wounded.
The orc closely misses you.
You closely miss the orc.
The orc is heavily wounded.
The orc barely misses you.
You hit the orc but do no damage.
The orc is heavily wounded.
The orc barely misses you.
You hit the orc but do no damage.
The orc is heavily wounded.
The orc barely misses you.
You barely miss the orc. Your bite misses the orc.
The orc is heavily wounded.
The orc hits you with a +0 mace!
You hit the orc but do no damage. You bite the orc.
You kill the orc!
You hit the orc priest but do no damage.
You drain the orc priest.
The orc priest is moderately wounded.
You block the orc priest's attack.
You closely miss the orc priest.
You bite the orc priest, but do no damage.
The orc priest is moderately wounded.
The orc priest hits you with a +0 short sword.
You hit the orc priest.
The orc priest is heavily wounded.
The orc priest hits you with a +0 short sword.
You hit the orc priest but do no damage.
You bite the orc priest, but do no damage.
The orc priest is heavily wounded.
The orc priest hits you with a +0 short sword.
You hit the orc priest but do no damage.
You bite the orc priest, but do no damage.
The orc priest is heavily wounded.
The orc priest hits you with a +0 short sword.
You hit the orc priest but do no damage.
The orc priest is heavily wounded.
The orc priest calls down the wrath of Beogh upon you.
Beogh smites you!
You die...

#.# #.# #.# #.###
#####.######.#..
#..............#
#.##.###.......###
#.##.# #.####..##.
#.##[# #.# #...#.
#@##.###.####..#..
#o##..............
#.##...#.####.....
#.##.††#.####.....
#.##...#........#)
#.##...#..###..##.
#.##...#...##..##.
#.................
###........#.###


You could see an orc priest (drained).

Vanquished Creatures
  4 gnolls
  4 adders (D:2)
  2 orcs (D:2)
  2 bats
  2 endoplasms (D:1)
  A giant cockroach (D:1)
  3 goblins
  5 hobgoblins
  6 jackals (D:2)
  4 kobolds
  A quokka (D:2)
  4 ball pythons
  3 frilled lizards
  2 rats (D:2)
43 creatures vanquished.

Notes
Turn   | Place    | Note
-------+----------+-------------------------------------------
     0 | D:1      | Jerry the Vine Stalker Fighter began the quest for the Orb.
     0 | D:1      | Reached XP level 1. HP: 11/11 MP: 2/2
   503 | D:1      | Reached XP level 2. HP: 16/16 MP: 3/3
   503 | D:1      | Found Niczopn's Antique Weapon Shop.
   719 | D:1      | Found a faded altar of an unknown god.
  1134 | D:2      | Found a snail-covered altar of Cheibriados.
  1223 | D:2      | Reached XP level 3. HP: 11/20 MP: 2/4
  1667 | D:2      | Gained mutation: Your natural rate of healing is unusually
                  | fast. [Vine Stalker growth]
  1667 | D:2      | Reached XP level 4. HP: 14/24 MP: 3/5
  1749 | D:2      | Identified the +6 mace of Defence {pain, MP+9 Str+3 Int+3
                  | Stlth+}
  2230 | D:2      | Reached XP level 5. HP: 28/28 MP: 6/6
  2264 | D:2      | Killed from afar by an orc priest

Illustrated notes

Levels and vault maps discovered:
D:1:      lemuel_arrival_tunnels, layout_loops_cross,
          ebering_ecumenical_altar_rust, serial_shops, shop
D:2:      layout_loops_ring, basic_altar, chequers_serial_rivers_room_b,
          minivault_27

Skill      XL: |  1  2  3  4 |
---------------+-------------+-----
Short Blades   | 2 |  2.5
Shields        | 3 |  3.7
Fighting       | 3 |  3.2
Armour         | 3 |  3.0

Action                   |  1- 3 |  4- 6 || total
-------------------------+-------+-------++-------
Melee: Rapier            |    23 |       ||    23
       Bite              |    17 |    18 ||    35
       Dagger            |    65 |    57 ||   122
Armor: Scale mail        |    29 |    17 ||    46
Dodge: Dodged            |    38 |    16 ||    54
Block: Buckler           |    17 |    10 ||    27
